 Dungeon Crawl Stone Soup version 0.27-a0-1180-g7fc4abc71e (webtiles) character file.

Game seed: 7599452728292343026

9041 MirrMurr the Covert (level 11, -12/57 HPs)
             Began as a Spriggan Enchanter on May 16, 2021.
             Was a Follower of Ashenzari.
             Killed from afar by a wretched star (32 damage)
             ... with a lance of force
             ... in a Gauntlet on May 17, 2021.
             The game lasted 00:44:04 (17849 turns).

MirrMurr the Covert (Spriggan Enchanter)           Turns: 17849, Time: 00:44:04

Health: -12/57     AC:  8    Str: 11    XL:     11   Next: 17%
Magic:  22/22      EV: 25    Int: 16    God:    Ashenzari [*.....]
Gold:   413        SH:  0    Dex: 17    Spells: 13/24 levels left

rFire    . . .     SeeInvis +   a - +3 short sword (elec)
rCold    . . .     Faith    .   (shield restricted)
rNeg     + . .     Spirit   .   b - +2 robe
rPois    +         Reflect  .   (helmet restricted)
rElec    .         Harm     .   (no cloak)
rCorr    .         Rampage  .   (gloves unavailable)
Will     +....     NoTele   +   (boots unavailable)
Stlth    +++++.....             (no amulet)
HPRegen  0.19/turn              C - ring of Ashenzari's Affliction {rN+ AC+4 Str+4 Slay+2, Self, Bglg} (curse)
MPRegen  0.18/turn              x - ring "Share My Sybil" {rPois, Self, Alch} (curse)

@: very quick
A: very small, no large weapons, unfitting armour, see invisible, speed 3
a: Renounce Religion, Curse Item, Shatter the Chains


You were in a Gauntlet.
You worshipped Ashenzari.
Ashenzari was aware of your devotion.
You visited 2 branches of the dungeon, and saw 12 of its levels.
You also visited: Sewer and Gauntlet.

You collected 673 gold pieces.
You spent 260 gold pieces at shops.

Inventory:

Hand Weapons
 a - a +3 short sword of electrocution (weapon)
 w - a +1 dagger of holy wrath
 H - a +1 dagger of venom
Missiles
 d - 4 atropa-tipped darts
 e - 232 stones
 g - 66 sling bullets
 o - 30 poisoned darts
 q - 20 boomerangs (quivered)
 r - 3 curare-tipped darts
 y - 2 throwing nets
Armour
 b - a +2 robe (worn)
 K - a +2 cloak of poison resistance
Jewellery
 i - a +6 ring of dexterity
 n - a ring of protection from fire
 x - the cursed ring "Share My Sybil" (right hand) {rPois, Self, Alch}
   (You bought it in a shop on level 6 of the Dungeon)

   [ring of poison resistance]

   It protects you from poison.
   It has a curse which improves the following skills: Introspection: Fighting
   and Spellcasting.
   Alchemy:   Poison Magic and Transmutations.
 C - the cursed ring of Ashenzari's Affliction (left hand) {rN+ AC+4 Str+4 Slay+2, Self, Bglg}
   (You acquired it on level 8 of the Dungeon)

   [ring of protection]

   It affects your AC (+4).
   It affects your strength (+4).
   It affects your accuracy and damage with ranged weapons and melee attacks
   (+2).
   It protects you from negative energy.
   It has a curse which improves the following skills: Introspection: Fighting
   and Spellcasting.
   Beguiling: Conjurations, Hexes and Translocations.
 L - the ring "Xiusigiph" {Wiz rCorr Int+2}
   (You found it in a Gauntlet)

   [ring of wizardry]

   It improves your spell success rate.
   It affects your intelligence (+2).
   It protects you from acid and corrosion.
Wands
 c - a wand of polymorph (3)
 l - a wand of iceblast (22)
 E - a wand of charming (8)
 J - a wand of flame (14)
Scrolls
 m - 3 scrolls of enchant armour
 u - 2 scrolls of teleportation
 v - a scroll of magic mapping
 B - a scroll of immolation
 D - a scroll of fear
 F - a scroll of summoning
 G - a scroll of blinking
 I - a scroll of fog
Potions
 f - 2 potions of lignification
 h - 6 potions of curing
 j - 4 potions of flight
 k - a potion of brilliance
 p - a potion of might
 s - 4 potions of heal wounds
 t - a potion of ambrosia
 z - a potion of cancellation
 A - a potion of haste


   Skills:
 * Level 4.8(6.3) Fighting
 * Level 8.8 Short Blades
 * Level 11.8 Dodging
 * Level 12.8 Stealth
 * Level 5.6(7.2) Spellcasting
 * Level 8.8(9.8) Hexes
 + Level 0.2 Ice Magic


You had 13 spell levels left.
You knew the following spells:

 Your Spells              Type           Power      Damage    Failure   Level
a - Ensorcelled Hibernat  Hex/Ice        42%        N/A       2%          2
b - Confusing Touch       Hex            37%        N/A       1%          3
c - Tukima's Dance        Hex            37%        N/A       1%          3
d - Dazzling Flash        Conj/Hex       42%        N/A       4%          3

Your spell library contained the following spells:

 Spells                   Type           Power      Damage    Failure   Level
 Corona                   Hex            41%        N/A       1%          1
 Freeze                   Ice            24%        1d5       11%         1
 Magic Dart               Conj           24%        1d4       12%         1
 Fulminant Prism          Conj/Hex       10%        3d9       16%         4
 Searing Ray              Conj           12%        3d3       17%         2
 Static Discharge         Conj/Air       5%         N/A       19%         2
 Frozen Ramparts          Ice            12%        1d3       32%         3
 Ozocubu's Armour         Ice            6%         N/A       32%         3
 Metabolic Englaciation   Hex/Ice        10%        N/A       38%         5
 Hailstorm                Conj/Ice       6%         3d4       75%         4
 Iskenderun's Mystic Bla  Conj/Tloc      6%         2d4       75%         4
 Lightning Bolt           Conj/Air       2%         1d14      97%         5
 Ignition                 Fire           2%         3d3       100%        8
 Shatter                  Erth           2%         3d6*      100%        9
 Tornado                  Air            2%         N/A       100%        9


Dungeon Overview and Level Annotations

Branches:
Dungeon (11/15)            Temple (1/1) D:7            Lair (0/6) D:8
    Orc (0/2) D:10          Sewer (visited)         Gauntlet (1/1)

Altars:
Ashenzari
Cheibriados
Dithmenos
Elyvilon
Fedhas
Gozag
Hepliaklqana
Kikubaaqudgha
Makhleb
Nemelex Xobeh
Okawaru
Qazlal
Ru
Sif Muna
Trog
Uskayaw
Vehumet
Wu Jian
Xom
Yredelemnul
Zin
The Shining One

Shops:
D:6 =?*(   D:8 ?   D:10 (

Portals:
Trove: D:10 (give 9 potions of haste)

Annotations:
D:6 dig Gauntlet 13 transporters, 21 runed translucent doors, exclusion: obsidian statue


Innate Abilities, Weirdness & Mutations

You are very small and have problems with some larger weapons.
You are too small for most types of armour.
You have supernaturally acute eyesight. (SInv)
You cover ground extremely quickly. (Speed+++)


Message History

There is a transporter here.
The white imp grins evilly.
The neqoxec shouts!
There is a transporter here.
The white imp shouts, "Slither home, thou feckless hasty-witted tiddler!"
Okay, then.
Unknown command.
Unknown command.
Unknown command.
Okay, then.
Unknown command.
There is a transporter here.
There is a transporter here.
Unknown command.
Unknown command.
The white imp disappears for a moment.
There is a transporter here.
The white imp sputters.
There is a transporter here.
You enter the transporter and appear at another place.
You see here a +2 cloak of poison resistance.
K - a +2 cloak of poison resistance The small abomination hits you but does no damage.
There is a transporter here.
The wretched star glows turbulently.
The lance of force misses you.
You see here the ring "Xiusigiph" {Wiz rCorr Int+2}.
L - the ring "Xiusigiph" {Wiz rCorr Int+2} The small abomination hits you!
The wretched star glows turbulently.
The lance of force misses you.
The small abomination completely misses you.
The wretched star glows turbulently.
The lance of force hits you.
You are knocked back by the lance of force.
You slam into the metal wall!
The wretched star glows turbulently.
The lance of force hits you!!
Ouch! That really hurt!
You die...

≈...............≈##8# #8# #8# #8#
#################################
.......≈∩≈.......................
.................................
########.###########.###########.
![©.$..#.##...©.!.##.#..)=©[...#.
##.#####.#.#...x.#.#.#....8....#.
#..##.##.#..#*..#..#.#.........#.
....#..#.#...#3#@..#.#.........#.
#.##.###.#....#....#.#....©....#.
#..#.###.#...#©#...#.#.........#.
...#.#..#...#..#.#.........#.
3##.##.#.#.#.....#.#.#.........#.
..#.##.#.##.....*.##.#.........#.
#################################
..©#§§≈≈8§§§≈#©...........©......
##########################.######


You could see a wretched star and a small abomination.

Vanquished Creatures
  2 two-headed ogres
  A komodo dragon (D:10)
  2 hornets (Gauntlet)
  A meliai zombie (D:10)
  16 yaks
  2 wyverns
  A wraith (D:9)
  A steam dragon (D:7)
  5 orc warriors
  Duvessa (D:5)
  An ice beast (D:6)
  3 black bears (D:6)
  A necrophage (D:7)
  An ogre (D:4)
  A centaur (D:4)
  5 kobold brigands
  2 bullfrogs (D:7)
  A gnoll sergeant (D:6)
  A scorpion (D:6)
  Dowan (D:5)
  A water moccasin zombie (D:5)
  2 wyvern skeletons (D:7)
  6 killer bees (D:9)
  A wight (D:11)
  4 howler monkeys
  3 centaur zombies
  4 jellies
  A lava snake (D:8)
  4 hounds
  6 orc priests
  A bullfrog skeleton (D:5)
  Terence (D:3)
  4 iguanas
  9 orc wizards
  A scorpion zombie (D:5)
  A hound skeleton (D:4)
  2 howler monkey zombies
  4 gnolls
  8 adders
  A howler monkey skeleton (D:5)
  2 river rats (Sewer)
  2 white imps (Gauntlet)
  2 worms
  2 dart slugs
  46 orcs
  6 ball pythons
  8 bats
  7 endoplasms
  6 giant cockroaches
  3 goblins (D:1)
  14 hobgoblins
  11 jackals
  6 quokkas
  4 frilled lizards
  21 kobolds
  7 rats
260 creatures vanquished.

Vanquished Creatures (collateral kills)
  A gnoll shaman (D:7)
  7 gnolls
8 creatures vanquished.

Vanquished Creatures (others)
  3 dancing weapons
  4 fungi
  13 plants
  2 withered plants (D:11)
22 creatures vanquished.

Grand Total: 290 creatures vanquished

Notes
Turn   | Place    | Note
-------+----------+-------------------------------------------
     0 | D:1      | MirrMurr the Spriggan Enchanter began the quest for the
                  | Orb.
     0 | D:1      | Reached XP level 1. HP: 9/9 MP: 5/5
   134 | D:1      | Reached XP level 2. HP: 4/13 MP: 4/6
   137 | D:1      | Learned a level 2 spell: Ensorcelled Hibernation
   393 | D:1      | Reached skill level 5 in Stealth
  1389 | D:1      | Reached XP level 3. HP: 16/16 MP: 5/8
  1393 | D:1      | Learned a level 3 spell: Confusing Touch
  2000 | D:2      | Reached skill level 6 in Stealth
  2334 | D:2      | Reached XP level 4. HP: 21/21 MP: 9/9
  3933 | D:3      | Reached skill level 7 in Stealth
  3933 | D:3      | Reached XP level 5. HP: 24/24 MP: 10/10
  4273 | D:3      | Noticed Terence
  4278 | D:3      | Killed Terence
  4946 | D:4      | Noticed a centaur
  5002 | D:4      | Noticed an ogre
  5007 | D:4      | Killed an ogre
  5008 | D:4      | Reached skill level 5 in Short Blades
  5008 | D:4      | Reached skill level 8 in Stealth
  5008 | D:4      | Reached XP level 6. HP: 28/28 MP: 11/11
  5549 | D:4      | Reached skill level 5 in Hexes
  5840 | D:3      | Learned a level 3 spell: Tukima's Dance
  5844 | D:3      | Learned a level 3 spell: Dazzling Flash
  6100 | D:4      | Reached XP level 7. HP: 31/32 MP: 5/14
  6821 | D:5      | Entered Level 5 of the Dungeon
  6862 | D:5      | Noticed Dowan
  6865 | D:5      | Noticed Duvessa
  6879 | D:5      | Killed Duvessa
  7126 | D:5      | Killed Dowan
  7742 | D:5      | Reached skill level 1 in Fighting
  8021 | D:5      | Reached XP level 8. HP: 37/37 MP: 12/15
  8359 | D:5      | Reached skill level 5 in Dodging
  8697 | D:6      | Found a glowing drain.
  8724 | Sewer    | Entered a sewer
  9226 | Sewer    | Found a white marble altar of Elyvilon.
  9457 | D:6      | Found Zofrur's Antique Weapon Emporium.
  9537 | D:6      | Found a broken altar of Ashenzari.
  9541 | D:6      | Saw a vision of the Swamp and the Spider Nest.
  9541 | D:6      | Noticed a wolf spider
  9541 | D:6      | Noticed a goliath frog
  9554 | D:6      | Became a worshipper of Ashenzari the Shackled
  9590 | D:6      | Found Hab Dul's General Store.
  9647 | D:6      | Found Katil's Jewellery Shop.
  9652 | D:6      | Bought a ring of poison resistance for 260 gold pieces
  9699 | D:6      | Reached XP level 9. HP: 45/45 MP: 13/16
  9919 | D:6      | Found Kaituja's Magic Scroll Shoppe.
 10491 | D:7      | Found a staircase to the Ecumenical Temple.
 10520 | Temple   | Entered the Ecumenical Temple
 11335 | D:6      | Found Katil's Jewellery Shop.
 11396 | D:6      | Found Hab Dul's General Store.
 11449 | D:6      | Found Kaituja's Magic Scroll Shoppe.
 11616 | D:6      | Found Zofrur's Antique Weapon Emporium.
 12014 | D:6      | Reached skill level 9 in Stealth
 13010 | D:8      | Identified a scroll of acquirement
 13138 | D:8      | Found Tyvinnaq's Magic Scroll Boutique.
 13381 | D:8      | Reached skill level 10 in Stealth
 13599 | D:8      | Found a hazy altar of Hepliaklqana.
 13637 | D:8      | Found a staircase to the Lair.
 13851 | D:8      | Acquired the ring "Boadumaq" {rN+ AC+4 Str+4 Slay+2}
 13905 | D:9      | Reached skill level 10 in Dodging
 14322 | D:9      | Reached * piety under Ashenzari
 14415 | D:9      | Reached XP level 10. HP: 41/51 MP: 19/19
 14507 | D:9      | Reached skill level 11 in Stealth
 14996 | D:9      | Found a radiant altar of Vehumet.
 14996 | D:9      | Found a bloodstained altar of Trog.
 15004 | D:9      | Found an ornate altar of the Wu Jian Council.
 15006 | D:9      | Found a faded altar of an unknown god.
 15008 | D:9      | Found a blossoming altar of Fedhas.
 15084 | D:9      | Noticed a two-headed ogre
 15091 | D:9      | Killed a two-headed ogre
 15092 | D:9      | Reached skill level 12 in Stealth
 15348 | D:10     | Entered Level 10 of the Dungeon
 15359 | D:10     | Found a staircase to the Orcish Mines.
 15374 | D:10     | Noticed a two-headed ogre
 15380 | D:10     | Killed a two-headed ogre
 15408 | D:10     | Found Unoasmu's Weapon Emporium.
 15884 | D:10     | Reached skill level 5 in Spellcasting
 16510 | D:10     | Found a portal to a secret trove of treasure.
 16594 | D:10     | Reached XP level 11. HP: 56/56 MP: 17/22
 16971 | D:11     | Found a gate leading to a gauntlet.
 16979 | Gauntlet | Entered a Gauntlet
 16979 | Gauntlet | Found a transporter.
 16992 | Gauntlet | Found a transporter.
 17003 | Gauntlet | Found a transporter.
 17005 | Gauntlet | Found a large runed translucent door.
 17006 | Gauntlet | Found a large runed translucent door.
 17007 | Gauntlet | Found a large runed translucent door.
 17007 | Gauntlet | Found a large runed translucent door.
 17007 | Gauntlet | Found a runed translucent door.
 17008 | Gauntlet | Found a transporter.
 17009 | Gauntlet | Found a runed translucent door.
 17010 | Gauntlet | Found a large runed translucent door.
 17010 | Gauntlet | Found a large runed translucent door.
 17011 | Gauntlet | Found a large runed translucent door.
 17012 | Gauntlet | Found a large runed translucent door.
 17016 | Gauntlet | Found a large runed translucent door.
 17016 | Gauntlet | Found a large runed translucent door.
 17017 | Gauntlet | Found a large runed translucent door.
 17017 | Gauntlet | Found a large runed translucent door.
 17018 | Gauntlet | Found a large runed translucent door.
 17018 | Gauntlet | Found a large runed translucent door.
 17018 | Gauntlet | Found a large runed translucent door.
 17018 | Gauntlet | Found a large runed translucent door.
 17021 | Gauntlet | Found a runed translucent gate.
 17021 | Gauntlet | Found a runed translucent gate.
 17021 | Gauntlet | Found a runed translucent gate.
 17023 | Gauntlet | Found a transporter.
 17024 | Gauntlet | Identified the ring "Jacko" {rC- rN+ Will+ Str+5}
 17024 | Gauntlet | Identified the ring of Tives {rPois Str+3 Int-3 Stlth+}
 17042 | Gauntlet | Found a transporter.
 17042 | Gauntlet | Noticed an obsidian statue
 17044 | Gauntlet | Identified the ring of Law {Fly rN+ Str-2 Int+9 SInv}
 17050 | Gauntlet | Noticed a wretched star
 17054 | Gauntlet | Identified the ring "Xiusigiph" {Wiz rCorr Int+2}
 17054 | Gauntlet | Found a transporter.
 17066 | Gauntlet | Found a transporter.
 17066 | Gauntlet | Noticed a sixfirhy
 17072 | Gauntlet | Found a transporter.
 17076 | Gauntlet | Noticed a sixfirhy
 17084 | Gauntlet | Noticed a hell beast
 17087 | Gauntlet | Found a transporter.
 17090 | Gauntlet | Identified the ring of the Jumping Ancients {Ice rN++ Int-3
                  | SInv}
 17098 | Gauntlet | Identified the amulet of Fatigue {Spirit Rampage rPois}
 17099 | Gauntlet | Found a transporter.
 17101 | Gauntlet | Identified the +1 robe of the Villain {Drain rPois rF++
                  | Will+}
 17101 | Gauntlet | Noticed a hell hog
 17105 | Gauntlet | Found a transporter.
 17142 | Gauntlet | Found a transporter.
 17144 | Gauntlet | Found a transporter.
 17148 | Gauntlet | Noticed a fire crab
 17171 | Gauntlet | Found a transporter.
 17171 | Gauntlet | Found a transporter.
 17191 | Gauntlet | Found a transporter.
 17223 | Gauntlet | Found a transporter.
 17376 | Gauntlet | Upgraded the game from 0.27-a0-1177-g245c70e1c0 to
                  | 0.27-a0-1180-g7fc4abc71e
 17849 | Gauntlet | Killed from afar by a wretched star

Illustrated notes

Levels and vault maps discovered:
D:1:      eino_arrival_cavern_b, layout_basic, minmay_liquid_box
D:2:      layout_basic
D:3:      layout_basic, uniq_terence
D:4:      layout_basic, grunt_tough_drop
D:5:      layout_loops_cross, grunt_ministairs_15, guppyfry_early_orc_mine,
          uniq_duvessa
D:6:      layout_loops_corners, grunt_ashenzari_visionary
          [grunt_ashenzari_visionary_swamp, grunt_ashenzari_visionary_spider],
          serial_shops, nicolae_shop_statue_plus, shop, kennysheep_mini,
          nicolae_shop_stone, gup_sewer_entry_glass
D:7:      layout_rooms, minmay_temple_entry_sparse_star
D:8:      layout_basic, nicolae_hepliaklqana_hippocampus, lair_entry_dummy,
          serial_shops, shop, kennysheep_generic_room_4
D:9:      layout_irregular_city, chequers_temple_overflow_minitemple
D:10:     layout_long_grid, orc_0_dummy, enter_trove_0, serial_shops,
          shop_statue
D:11:     layout_long_grid, gauntlet_entry_generic, serial_undead,
          serial_undead_c, serial_undead_c, serial_undead_c, serial_undead_e,
          serial_undead_d, serial_undead_c, serial_undead_e,
          hangedman_weighted_door
Temple:   eino_temple_rhombus
Gauntlet: gammafunk_gauntlet_one_two_three [nicolae_gauntlet_arena_blocks,
          gammafunk_gauntlet_arena_arrow_garden,
          gammafunk_gauntlet_arena_split_diamond,
          gammafunk_gauntlet_arena_teeth, gammafunk_gauntlet_arena_corners,
          gammafunk_gauntlet_arena_crates, nicolae_gauntlet_arena_x,
          gammafunk_gauntlet_arena_open,
          minmay_gauntlet_arena_make_your_own_arena, gauntlet_exit_watery]

Skill      XL: |  1  2  3  4  5  6  7  8  9 10 |
---------------+-------------------------------+-----
Stealth        | 5 6 7 8 10 12 | 12.8
Short Blades   | 2 3 5 7 8 |  8.8
Spellcasting   | 3 4 5 |  5.6
Hexes          | 5 8 |  8.8
Dodging        | 4 7 10 11 | 11.8
Fighting       | 1 4 |  4.8
Ice Magic      | |  0.2

Action                   |  1- 3 |  4- 6 |  7- 9 | 10-12 || total
-------------------------+-------+-------+-------+-------++-------
Melee: Dagger            |    98 |   246 |   423 |   139 ||   906
       Unarmed           |       |       |    14 |       ||    14
       Short sword       |       |       |       |    80 ||    80
Throw: Stone             |       |     2 |       |       ||     2
 Cast: Corona            |     1 |       |       |       ||     1
       Ensorcelled Hiber |    13 |    27 |    93 |    31 ||   164
       Tukima's Dance    |       |     6 |    14 |     1 ||    21
       Confusing Touch   |       |       |    10 |     6 ||    16
Invok: Curse Item        |       |       |     2 |       ||     2
  Use: Scroll            |     2 |     3 |     5 |     1 ||    11
       Potion            |       |       |     1 |       ||     1
 Stab: Sleeping          |    20 |    31 |    76 |    22 ||   149
       Distracted        |     1 |       |     1 |     1 ||     3
       Confused          |       |       |    11 |     4 ||    15
Armor: Robe              |    12 |    41 |    43 |    37 ||   133
       Skin              |       |       |     3 |       ||     3
Dodge: Dodged            |    56 |   164 |   335 |   201 ||   756

Table legend: (Time is in decaauts)
 A = Elapsed time spent in this place.
 B = Non-inter-level travel time spent in this place.
 C = Inter-level travel time spent in this place.
 D = Time resting spent in this place.
 E = Time spent auto-exploring this place.
 F = Levels seen in this place.
 G = Mean time per level.
                   A        B        C        D        E       F      G
               +--------+--------+--------+--------+--------+-----+--------+
         Total |  13721 |  13121 |    600 |   3255 |   7207 |  14 |  980.1 |
       Dungeon |  12440 |  11850 |    590 |   2838 |   6801 |  11 | 1130.9 |
        Temple |    144 |    134 |     10 |      0 |    133 |   1 |  144.0 |
         Sewer |    519 |    519 |      0 |    232 |    146 |   1 |  519.0 |
      Gauntlet |    617 |    617 |      0 |    185 |    126 |   1 |  617.0 |
               +--------+--------+--------+--------+--------+-----+--------+

Top non-repeatable levels by time:
     D:6: 1920 daAuts
     D:1: 1761 daAuts
     D:4: 1714 daAuts
     D:2: 1242 daAuts
    D:10: 1109 daAuts
     D:3: 1108 daAuts
     D:8: 968 daAuts
     D:5: 889 daAuts
     D:9: 845 daAuts
     D:7: 793 daAuts
Gauntlet: 617 daAuts
   Sewer: 519 daAuts
  Temple: 144 daAuts
    D:11: 87 daAuts
